 Dungeon Crawl Stone Soup version 0.26.1-11-gd32895ea62 (webtiles) character file.

Game seed: 207432774378833442

14691 oldpz the Cleaver (level 11, -12/101 HPs)
             Began as a Minotaur Berserker on June 10, 2021.
             Was an Elder of Trog.
             Hit by a large rock thrown by a cyclops (15 damage)
             ... on level 13 of the Dungeon.
             The game lasted 01:41:51 (9627 turns).

oldpz the Cleaver (Minotaur Berserker)              Turns: 9627, Time: 01:41:55

Health: -12/101    AC: 13    Str: 28    XL:     11   Next: 92%
Magic:  10/10      EV: 15    Int:  6    God:    Trog [****..]
Gold:   619        SH: 20    Dex:  9    Spells: 10/10 levels left

rFire    . . .     SeeInvis .   u - +3 flail (freeze)
rCold    + . .     Faith    .   g - +2 tower shield {reflect}
rNeg     . . .     Spirit   .   n - +0 scale mail
rPois    .         Reflect  +   (helmet restricted)
rElec    .         Harm     .   K - +0 cloak
rCorr    .         Rampage  .   l - +0 pair of gloves
Will     .....     Rnd*Tele +   E - +0 pair of boots
Stlth    ..........             (no amulet)
HPRegen  0.26/turn              F - +4 ring of evasion
MPRegen  0.12/turn              J - ring of teleportation (curse)

@: berserk cooldown, hasted and slowed
A: retaliatory headbutt, horns 2, clever 1, cold resistance 1, strong 1
a: Renounce Religion, Berserk, Trog's Hand, Brothers in Arms


You were on level 13 of the Dungeon.
You worshipped Trog.
Trog was greatly pleased with you.
You visited 1 branch of the dungeon, and saw 13 of its levels.

You collected 779 gold pieces.
You spent 160 gold pieces at shops.

Inventory:

Hand Weapons
 c - a +3 dire flail of protection
 i - a +0 shortbow
 u - a +3 flail of freezing (weapon)
 D - a +0 shortbow
 L - a +2 quarterstaff of chaos
 O - a +1 trident of venom
Missiles
 d - 312 stones
 f - 2 throwing nets
 h - 20 poisoned darts
 j - 195 arrows
 k - 54 sling bullets
 G - 7 curare-tipped darts
Armour
 b - a +0 animal skin
 g - a +2 tower shield of reflection (worn)
 l - a +0 pair of gloves (worn)
 m - a +0 scale mail
 n - a +0 scale mail (worn)
 r - a +0 scale mail
 z - +0 steam dragon scales
 E - a +0 pair of boots (worn)
 K - a +0 cloak (worn)
 U - a +0 pair of gloves
Magical Staves
 T - an uncursed staff of earth {unknown}
Jewellery
 p - the ring "Daenuset" {*Corrode rPois AC+4 Str+3, unknown}
   (You found it on level 13 of the Dungeon)

   [ring of protection]

   It affects your AC (+4).
   It affects your strength (+3).
   It protects you from poison.
   It may corrode you when you take damage.
 F - a +4 ring of evasion (left hand)
 J - a cursed ring of teleportation (right hand)
 X - a +6 ring of strength {unknown}
Wands
 e - a wand of acid (27)
 C - a wand of iceblast (28)
 N - a wand of disintegration (12)
 R - a wand of random effects (20)
Scrolls
 o - 2 scrolls of blinking
 v - a scroll of enchant armour {unknown}
 w - a scroll of fog
 x - 3 scrolls of magic mapping
 y - 2 scrolls of fear
 A - 4 scrolls of teleportation
 S - a scroll of vulnerability
 V - a scroll of holy word {unknown}
 Y - 3 scrolls of identify
 Z - a scroll of enchant weapon {unknown}
Potions
 q - 2 potions of attraction
 s - 2 potions of brilliance
 t - 3 potions of degeneration
 H - a potion of cancellation {unknown}
 Q - a potion of magic {unknown}
Miscellaneous
 a - a lightning rod (4/4)


   Skills:
 + Level 10.7 Fighting
 + Level 10.7 Axes
 + Level 10.3 Armour
 + Level 9.4 Dodging
 + Level 9.7 Shields
 - Level 5.0 Evocations


You had 10 spell levels left.
You didn't know any spells.
Your spell library was empty.

Dungeon Overview and Level Annotations

Branches:
Dungeon (14/15)            Temple (0/1) D:7            Lair (0/6) D:10
    Orc (0/2) D:10
 Vaults: D:13-14

Altars:
Cheibriados
Gozag
Kikubaaqudgha
Makhleb
Nemelex Xobeh
Okawaru
Sif Muna
Uskayaw
Xom
Yredelemnul
Zin

Shops:
D:10 *

Annotations:
D:11 exclusion: oklob plant


Innate Abilities, Weirdness & Mutations

You reflexively headbutt those who attack you in melee.
You have a pair of horns on your head.
Your mind is acute. (Int +2)
Your flesh is cold resistant. (rC+)
Your muscles are strong. (Str +2)


Message History

Your surroundings suddenly seem different.
A cyclops comes into view.
The cyclops shouts!
A two-headed ogre comes into view.
It is wielding a +0 giant club and a +0 giant spiked club.
The two-headed ogre shouts in stereo!
You hear a shout!
A scorpion comes into view.
An ogre comes into view. It is wielding a +0 giant club.
You block the two-headed ogre's attack. The two-headed ogre closely misses you.
Found six items.
You feel better.
An ogre comes into view. It is wielding a +0 giant spiked club.
The two-headed ogre misses you.
The two-headed ogre hits you with a +0 giant spiked club!
You feel yourself speed up.
The cyclops throws a large rock.
The large rock hits you!!!
* * * LOW HITPOINT WARNING * * *
You block the ogre's attack. You block the two-headed ogre's attack.
The two-headed ogre hits you but does no damage.
The cyclops throws a large rock.
The large rock hits you!
You die...

#....# ###....#
# # ....... .#
.. ..... #.##
...# ........
.#.8. ..#.. .#
#..≈PC#Os#...##
..O≈≈P.@......#
8≈≈≈≈≈8O#..#..#
≈≈≈≈≈≈≈.. ..#
≈≈≈≈≈≈≈≈P. ...
≈≈≈8≈≈≈≈≈8. ..#
≈≈P=P≈≈≈≈≈.. .#
≈P!$)P≈≈≈≈≈P. #
8?$.$!8≈≈≈≈≈8#


You could see a two-headed ogre, a cyclops, 2 ogres and a scorpion.

Vanquished Creatures
  A stone giant (D:13)
  Azrael (D:14)
  Harold (D:10)
  3 two-headed ogres
  Pikel (D:7)
  An ugly thing (D:9)
  2 cyclopes
  Maggie (D:9)
  3 trolls
  A hornet (D:10)
  A shadow (D:10)
  3 wraiths
  3 fire elementals (D:14)
  9 yaks
  A wyvern (D:8)
  3 basilisks (D:10)
  Edmund (D:6)
  3 water moccasins
  A hell hound (D:14)
  An orc warrior (D:10)
  3 sky beasts
  A black bear (D:9)
  A necrophage (D:10)
  4 phantoms
  An ogre (D:13)
  A centaur (D:6)
  A lemure (D:7)
  A big kobold (D:8)
  8 bullfrogs
  8 killer bees
  3 scorpions
  15 wights
  3 howler monkeys
  A crimson imp (D:9)
  2 bullfrog zombies
  3 hounds
  A jelly (D:8)
  A centaur skeleton (D:5)
  3 orc priests (D:6)
  Crazy Yiuf (D:6)
  2 iguanas
  8 orc wizards
  5 worker ants
  2 killer bee zombies
  6 ogre zombies (D:10)
  A hound zombie (D:6)
  A hound skeleton (D:7)
  Robin (D:3)
  A howler monkey zombie (D:8)
  6 adders
  3 shadow imps
  3 white imps
  3 ufetubi
  An ooze (D:5)
  2 adder zombies
  A worm (D:3)
  2 leopard geckos
  27 orcs
  5 bats
  4 giant cockroaches
  10 goblins
  8 hobgoblins
  16 jackals
  2 quokkas (D:7)
  4 frilled lizards
  2 goblin skeletons (D:10)
  A goblin zombie (D:10)
  A hobgoblin zombie (D:10)
  9 kobolds
  15 orc zombies (D:10)
  A quokka zombie (D:6)
  3 rats
  A spectral orc (D:5)
260 creatures vanquished.

Vanquished Creatures (others)
  8 fungi
  13 plants (D:10)
  3 toadstools (D:3)
24 creatures vanquished.

Grand Total: 284 creatures vanquished

Notes
Turn   | Place    | Note
-------+----------+-------------------------------------------
     0 | D:1      | oldpz the Minotaur Berserker began the quest for the Orb.
     0 | D:1      | Reached XP level 1. HP: 19/19 MP: 0/0
   178 | D:1      | Reached XP level 2. HP: 27/27 MP: 1/1
   972 | D:2      | Reached XP level 3. HP: 33/33 MP: 2/2
  1489 | D:3      | Noticed Robin
  1516 | D:3      | Reached ** piety under Trog
  1529 | D:3      | Killed Robin
  1540 | D:3      | Reached skill level 1 in Shields
  1562 | D:3      | Reached XP level 4. HP: 35/40 MP: 3/3
  1649 | D:3      | Found a sparkling altar of Nemelex Xobeh.
  2246 | D:4      | Reached XP level 5. HP: 31/47 MP: 4/4
  2461 | D:4      | Found a hide-covered altar of Uskayaw.
  2461 | D:4      | Found a snail-covered altar of Cheibriados.
  2472 | D:4      | Found a faded altar of an unknown god.
  2474 | D:4      | Found an ancient bone altar of Kikubaaqudgha.
  2475 | D:4      | Found an iron altar of Okawaru.
  2663 | D:5      | Entered Level 5 of the Dungeon
  2688 | D:4      | Reached skill level 1 in Evocations
  2729 | D:4      | Reached XP level 6. HP: 32/51 MP: 5/5
  2902 | D:5      | Reached skill level 5 in Axes
  2977 | D:5      | Reached skill level 5 in Fighting
  3135 | D:5      | Reached XP level 7. HP: 61/61 MP: 6/6
  3328 | D:5      | Found a basalt altar of Yredelemnul.
  3575 | D:5      | Gained mutation: Your mind is acute. (Int +2) [potion of
                  | mutation]
  3575 | D:5      | Gained mutation: Your muscles are strong. (Str +2) [potion
                  | of mutation]
  3575 | D:5      | Gained mutation: Your flesh is cold resistant. (rC+)
                  | [potion of mutation]
  3626 | D:6      | Reached *** piety under Trog
  3707 | D:6      | Reached skill level 5 in Armour
  3828 | D:6      | Reached XP level 8. HP: 51/70 MP: 7/7
  4109 | D:6      | Reached skill level 5 in Dodging
  4362 | D:6      | Noticed Edmund
  4394 | D:6      | Killed Edmund
  4571 | D:6      | Found a runed translucent door.
  4572 | D:6      | Noticed Crazy Yiuf
  4733 | D:6      | Killed Crazy Yiuf
  4816 | D:6      | Found a shimmering blue altar of Sif Muna.
  4982 | D:7      | Found a staircase to the Ecumenical Temple.
  5005 | D:6      | Reached skill level 5 in Shields
  5456 | D:7      | Noticed Pikel
  5497 | D:7      | Killed Pikel
  5498 | D:7      | Reached XP level 9. HP: 48/79 MP: 8/8
  5834 | D:7      | Noticed a troll
  5837 | D:7      | Killed a troll
  6769 | D:8      | Found the +5 scythe "Finisher" {speed, eviscerate}
  7113 | D:9      | Noticed a two-headed ogre
  7119 | D:9      | Killed a two-headed ogre
  7120 | D:9      | Reached skill level 5 in Evocations
  7120 | D:9      | Reached XP level 10. HP: 80/88 MP: 9/9
  7154 | D:9      | Noticed a brown ugly thing
  7186 | D:9      | Killed a white ugly thing
  7208 | D:9      | Noticed Maggie
  7235 | D:9      | Killed Maggie
  7575 | D:9      | Found an opulent altar of Gozag.
  7732 | D:9      | Found a shimmering altar of Xom.
  7733 | D:9      | Found a shimmering altar of Xom.
  7733 | D:9      | Found a shimmering altar of Xom.
  7734 | D:9      | Found a shimmering altar of Xom.
  7734 | D:9      | Found a shimmering altar of Xom.
  7735 | D:9      | Found a shimmering altar of Xom.
  7746 | D:9      | Found a shimmering altar of Xom.
  7764 | D:9      | Found a burning altar of Makhleb.
  7765 | D:9      | Found a shimmering altar of Xom.
  7797 | D:10     | Entered Level 10 of the Dungeon
  7834 | D:10     | Found a staircase to the Orcish Mines.
  7905 | D:10     | Reached **** piety under Trog
  8015 | D:10     | Noticed Harold
  8029 | D:10     | Killed Harold
  8113 | D:10     | Reached XP level 11. HP: 77/97 MP: 10/10
  8498 | D:10     | Found Gynlisubb's Assorted Antiques.
  8509 | D:10     | Paralysed by a hornet for 1 turns
  8733 | D:10     | Bought a diamond ring for 160 gold pieces
  8790 | D:10     | Found a staircase to the Lair.
  9187 | D:11     | Found a glowing silver altar of Zin.
  9188 | D:11     | Noticed an oklob plant
  9295 | D:11     | You fall into a shaft and drop 3 floors!
  9303 | D:14     | Noticed Azrael
  9315 | D:14     | Killed Azrael
  9316 | D:14     | Reached skill level 10 in Fighting
  9316 | D:14     | Reached skill level 10 in Axes
  9492 | D:13     | Got a smoking bone ring
  9553 | D:13     | Noticed a two-headed ogre
  9570 | D:13     | Killed a two-headed ogre
  9571 | D:13     | Reached skill level 10 in Armour
  9580 | D:13     | Noticed a two-headed ogre
  9584 | D:13     | Noticed a stone giant
  9596 | D:13     | Killed a two-headed ogre
  9610 | D:13     | Killed a stone giant
  9625 | D:13     | Noticed a two-headed ogre
  9627 | D:13     | HP: 3/101 [cyclops/large rock (41)]
  9627 | D:13     | Hit by a large rock thrown by a cyclops

Illustrated notes

Levels and vault maps discovered:
D:1:      minmay_arrival_plants_in_alcoves, layout_loops_ring
D:2:      layout_rooms, minmay_misc_feat_rows, minmay_pentomino_s4
D:3:      layout_basic, nemelex_xobeh_ov_fountains_minmay,
          minmay_gold_behind_fungi, uniq_robin
D:4:      layout_cave_pools, chequers_temple_overflow_minitemple
D:5:      layout_cave_pools, yredelemnul_forgotten_temple_becter
D:6:      layout_basic, lemuel_crystal_altar, uniq_edmund,
          uniq_crazy_yiuf_cottage
D:7:      layout_cave_pools, minmay_temple_entry_slanted,
          nicolae_ossuary_entry_false_entrances, uniq_pikel
D:8:      layout_basic, amcnicky_mini_pool_small, minmay_guarded_unrand_finisher
D:9:      layout_cave_pools, grunt_temple_overflow_champion_of_chaos,
          nicolae_overflow_crystal_walls, hangedman_abyss_or_decor_slice,
          xom_shifter_show, uniq_maggie
D:10:     layout_irregular_city, minmay_lair_entry_grove, zombieorc1_lemuel,
          serial_shops, nicolae_shop_stone, skrybe_limestone_x, uniq_harold
D:11:     minmay_tri_box, layout_cross, lemuel_oklob_altar
D:13:     cheibrodos_monumental, layout_cave_pools,
          grunt_vaults_entry_fortified, jiyva_altar_1
D:14:     layout_roguey, dk_noncrumbling_3, uniq_azrael, uniq_kirke

Skill      XL: |  1  2  3  4  5  6  7  8  9 10 11 |
---------------+----------------------------------+-----
Fighting       | 4 5 7 8 9 10 | 10.7
Axes           | 4 5 6 7 8 9 10 | 10.7
Armour         | 3 4 5 6 7 8 10 | 10.3
Shields        | 1 2 3 4 5 6 8 9 |  9.7
Dodging        | 3 4 5 6 8 9 |  9.4
Evocations     | 1 2 4 5 |  5.0

Action                   |  1- 3 |  4- 6 |  7- 9 | 10-12 || total
-------------------------+-------+-------+-------+-------++-------
Melee: Hand axe          |    90 |    79 |       |       ||   169
       Headbutt          |    15 |    33 |    54 |    68 ||   170
       Flail             |       |    41 |   287 |   366 ||   694
Throw: Stone             |       |     1 |       |       ||     1
Invok: Trog's Hand       |       |     3 |    14 |     8 ||    25
       Berserk           |       |     1 |     1 |     4 ||     6
Evoke: Wand              |       |     2 |     2 |     5 ||     9
  Use: Scroll            |     6 |     6 |     5 |     1 ||    18
       Potion            |     2 |       |    11 |     8 ||    21
 Stab: Invisible         |       |       |       |     2 ||     2
Armor: Animal skin       |     4 |       |       |       ||     4
       Scale mail        |    36 |    33 |   112 |    36 ||   217
       Steam dragon scal |       |       |       |    30 ||    30
Dodge: Dodged            |    41 |    24 |    85 |   130 ||   280
Block: Tower shield      |    20 |   104 |   267 |   333 ||   724
       Buckler           |     1 |       |       |       ||     1
       Reflection        |       |     4 |    10 |     6 ||    20
